 Seeded DCSS version 0.30-a0-715-gdb4ae3ece1 (webtiles) character file.

Game seed: 10612473497621459800 (custom seed)

487 purpskrrrp the Magician (level 6, 0/32 HPs)
             Began as a Deep Elf Fire Elementalist on Jan 24, 2023.
             Slain by Edmund
             ... wielding a +1 heavy flail
              (11 damage)
             ... on level 3 of the Dungeon.
             The game lasted 00:05:16 (3541 turns).

purpskrrrp the Magician (DEFE)                      Turns: 3541, Time: 00:05:17

Health: 0/32       AC:  3    Str:  5    XL:     6   Next: 89%
Magic:  4/17       EV: 19    Int: 22    God:
Gold:   252        SH:  0    Dex: 15    Spells: 15/18 levels left

rFire   + . .      SeeInvis .    j - +0 long sword (spect)
rCold   x . .      Faith    .    (no shield)
rNeg    . . .      Spirit   .    a - +0 robe
rPois   .          Reflect  .    (no helmet)
rElec   .          Harm     .    m - scarf {+Inv}
rCorr   .          Rampage  .    r - +0 pair of gloves
Will    .....                    (no boots)
Stlth   ++                       (no amulet)
HPRegen 0.25/turn                h - ring of fire
MPRegen 0.15/turn                c - +5 ring of evasion

@: no status effects
A: no striking features
a: Evoke Invisibility


You were on level 3 of the Dungeon.
You visited 1 branch of the dungeon, and saw 4 of its levels.

You collected 252 gold pieces.

Inventory:

Hand Weapons
 j - a +0 spectral long sword (weapon)
 p - a +2 dagger of draining
Armour
 a - a +0 robe (worn)
 m - a scarf of invisibility (worn)
 r - a +0 pair of gloves (worn)
Jewellery
 c - a +5 ring of evasion (right hand)
 f - the ring of Umugh {*Corrode +Blink rPois rC+ Will++}
   (You found it on level 3 of the Dungeon)

   [ring of protection from cold]

   rC:        It protects you from cold.
   rPois:     It protects you from poison.
   +Blink:    It lets you blink.
   *Corrode:  It may corrode you when you take damage.
   Will:      It greatly increases your willpower.
 h - a ring of fire (left hand)
 s - a +5 ring of evasion
Wands
 w - a wand of charming (9)
Scrolls
 g - a scroll of butterflies {unknown}
 o - 2 scrolls of immolation
 t - 2 scrolls of identify
 u - a scroll of teleportation
 v - a scroll of fear {unknown}
Potions
 b - a potion of magic
 d - 3 potions of ambrosia
 e - a potion of cancellation {unknown}
 i - 2 potions of degeneration {unknown}
 k - 2 potions of attraction {unknown}
 l - a potion of haste {unknown}
 n - a potion of curing {unknown}
 q - 2 potions of lignification {unknown}
 x - a potion of might {unknown}


   Skills:
 + Level 4.5 Dodging
 - Level 2.4 Stealth
 * Level 6.7 Spellcasting
 + Level 3.5 Conjurations
 + Level 4.8 Fire Magic


You had 15 spell levels left.
You knew the following spells:

 Your Spells              Type           Power      Damage    Failure   Level
a - Foxfire               Conj/Fire      100%       2x1d9     1%          1
b - Scorch                Fire           84%        2d9       1%          2

Your spell library contained the following spells:

 Spells                   Type           Power      Damage    Failure   Level
 Magic Dart               Conj           88%        1d7       1%          1
 Momentum Strike          Conj/Tloc      30%        3d8       6%          2
 Inner Flame              Hex/Fire       26%        N/A       10%         3
 Stone Arrow              Conj/Erth      30%        3d8       12%         3
 Blink                    Tloc           14%        N/A       13%         2
 Call Imp                 Summ           7%         N/A       13%         2
 Lesser Beckoning         Tloc           14%        N/A       13%         2
 Kindle Blastsparks       Fire/Tloc/Air  42%        2d13      13%         3
 Mephitic Cloud           Conj/Pois/Air  12%        N/A       16%         3
 Flame Wave               Conj/Fire      38%        2d10      16%         4
 Animate Armour           Summ/Erth      14%        N/A       63%         4
 Lehudib's Crystal Spear  Conj/Erth      7%         10d3      100%        8


Dungeon Overview and Level Annotations

Branches:
Dungeon (4/15)
 Temple: D:4-7

Altars:

Shops:
D:2 (   D:4 **

Annotations:
D:3 Edmund


Message History

You feel a surge of power!
You conjure some foxfire!
The scorpion closely misses you. The scorpion barely misses you.
You feel a surge of power!
You conjure some foxfire!
The scorpion completely misses you.
You feel a surge of power!
You conjure some foxfire!
The scorpion is no longer more vulnerable to fire.
The foxfire hits the scorpion.
The scorpion is heavily wounded.
The foxfire hits the scorpion.
The scorpion is severely wounded.
The scorpion misses you.
You feel a surge of power!
You conjure some foxfire!
The scorpion barely misses you.
Casting: Foxfire (safe; 1% risk of failure)
Confirm with . or Enter, or press ? or * to list all spells.
You feel a surge of power!
Flames lash the scorpion.
You kill the scorpion!
The foxfire hits Edmund but does no damage.
Edmund is moderately wounded.
The foxfire hits Edmund but does no damage.
Edmund is moderately wounded.
Your foxfire dissipates!
The foxfire hits Edmund.
Edmund is moderately wounded.
The foxfire hits Edmund.
Edmund is moderately wounded.
Your foxfire dissipates!
Edmund hits you with a +1 heavy flail!
You climb upwards.
There is a stone staircase leading down here.
You hit Edmund but do no damage.
Edmund is moderately wounded.
Your +0 spectral long sword hits Edmund!!
Edmund hits you with a +1 heavy flail!
Casting: Scorch (safe; 1% risk of failure)
Confirm with . or Enter, or press ? or * to list all spells.
You feel a surge of power!
Flames lash Edmund.
Edmund is almost dead.
Edmund's fire resistance burns away.
Edmund hits you with a +1 heavy flail!
You die...

........#...........##.#####.....
........#.......>...#.....##.....
........#...........#.....##.....
..<.....#...........#.....##.....
........#.................##.....
..........................##.....
.##......#'####..#........##.....
..'......#.####.@..##...........#
###.............@§###............
..................###............
..................##.............
..................##...##........
...)..............##...##........
..................##...##........
....#...).........#######.....÷..
.................................
.....####################........


You could see Edmund (combustible).

Vanquished Creatures
  2 phantoms (D:4)
  3 scorpions (D:4)
  An iguana (D:4)
  An orc wizard (D:4)
  3 adders
  4 gnolls (D:3)
  A dart slug (D:4)
  4 orcs (D:4)
  6 ball pythons
  2 endoplasms (D:3)
  4 giant cockroaches
  3 goblins
  2 hobgoblins (D:3)
  3 jackals (D:3)
  4 quokkas
  4 bats
  3 frilled lizards
  2 kobolds (D:3)
  2 rats
54 creatures vanquished.

Vanquished Creatures (others)
  249 foxfires
249 creatures vanquished.

Grand Total: 303 creatures vanquished

Notes
Turn   | Place    | Note
-------+----------+-------------------------------------------
     0 | D:1      | purpskrrrp the Deep Elf Fire Elementalist began the quest
                  | for the Orb.
     0 | D:1      | Reached XP level 1. HP: 10/10 MP: 6/6
   796 | D:2      | Reached XP level 2. HP: 15/15 MP: 6/8
   892 | D:2      | Found Cuonynum's Antique Weapon Emporium.
  1536 | D:3      | Learned a level 2 spell: Scorch
  1607 | D:3      | Reached XP level 3. HP: 19/19 MP: 1/10
  1715 | D:3      | Identified the ring of Umugh {*Corrode +Blink rPois rC+
                  | Will++}
  1755 | D:3      | Reached skill level 4 in Spellcasting
  2134 | D:3      | Reached XP level 4. HP: 24/24 MP: 3/12
  3031 | D:4      | Reached skill level 5 in Spellcasting
  3031 | D:4      | Noticed a phantom
  3036 | D:4      | Killed a phantom
  3037 | D:4      | Reached XP level 5. HP: 28/28 MP: 5/14
  3234 | D:4      | Reached XP level 6. HP: 31/32 MP: 6/16
  3332 | D:4      | Reached skill level 6 in Spellcasting
  3456 | D:4      | Found Hejeruips's General Store.
  3505 | D:4      | Found Pobloesh's Elemental Accessories.
  3512 | D:4      | Noticed Edmund
  3541 | D:3      | Slain by Edmund

Illustrated notes

Levels and vault maps discovered:
D:1:      co_arrival_random_square_maze, layout_basic
D:2:      layout_basic, serial_shops, nicolae_shop_crystal
D:3:      layout_basic
D:4:      layout_rooms, minmay_temple_entry_enclosed_plants, serial_shops,
          nicolae_square_shop, hex_intersection, nicolae_elemental_shop,
          lightli_corner_chamber, uniq_edmund

Skill      XL: |  1  2  3  4  5  6 |
---------------+-------------------+-----
Spellcasting   | 4 5 6 |  6.7
Dodging        | 3 4 |  4.5
Conjurations   | 2 3 |  3.5
Fire Magic     | 4 |  4.8
Stealth        | |  2.4

Action                     |  1- 3 |  4- 6 || total
---------------------------+-------+-------++-------
  Melee: Unarmed           |     3 |       ||     3
         Long sword        |     3 |     6 ||     9
         Dagger            |     1 |       ||     1
   Cast: Foxfire           |    68 |    88 ||   156
         Scorch            |       |     6 ||     6
    Use: Scroll            |     6 |       ||     6
 Armour: Robe              |     2 |       ||     2
  Dodge: Dodged            |     2 |     7 ||     9

Table legend: (Time is in decaauts)
 A = Elapsed time spent in this place.
 B = Non-inter-level travel time spent in this place.
 C = Inter-level travel time spent in this place.
 D = Time resting spent in this place.
 E = Time spent auto-exploring this place.
 F = Levels seen in this place.
 G = Mean time per level.
                   A        B        C        D        E       F      G
               +--------+--------+--------+--------+--------+-----+--------+
         Total |   3541 |   3402 |    139 |     16 |   2971 |   4 |  885.2 |
       Dungeon |   3541 |   3402 |    139 |     16 |   2971 |   4 |  885.2 |
               +--------+--------+--------+--------+--------+-----+--------+

Top non-repeatable levels by time:
     D:3: 1269 daAuts
     D:2: 759 daAuts
     D:4: 758 daAuts
     D:1: 754 daAuts
